Map: [ESL] Cosmic Sapphire

Players

Nice

  • Race: Protoss Protoss
  • Spawn Location: 5:00

Has - Winner!

  • Race: Protoss Protoss
  • Spawn Location: 11:00

Event: DreamHack SC2 Masters 2022 Atlanta (Online)

VOD

Have the link to the VOD?

Description

Time

  • Played on: Oct. 1, 2022, 9:06 a.m.
  • Length: 12:16

All games in this series

Show
View Real Time Build Order
Export as new Build Order

Nice Protoss 

Build Orders: Oracle Opening 

Get SALT Encoding   

  12  0:00  Probe  
  13  0:12  Probe  
  14  0:22  Pylon  
  14  0:24  Probe  
  15  0:40  Probe (Chrono Boost), Gateway  
  17  0:50  Probe (Chrono Boost), Assimilator  
  17  0:55  Probe (Chrono Boost), Assimilator  
  18  1:06  Probe (Chrono Boost)  
  18  1:09  Gateway  
  19  1:14  Probe (Chrono Boost)  
  20  1:20  Probe  
  21  1:27  Cybernetics Core  
  21  1:32  Probe  
  22  1:37  Pylon  
  22  1:44  Probe  
  23  2:04  Warp Gate, Stargate  
  27  2:11  Pylon  
  27  2:14  Stalker  
  27  2:16  Probe  
  28  2:23  Stalker  
  28  2:48  Oracle (Chrono Boost)  
  28  2:49  Shield Battery  
  28  2:50  Pylon  
  31  2:53  Shield Battery  
  31  2:59  Zealot, Gateway  
  33  3:18  Oracle (Chrono Boost)  
  36  3:21  Zealot  
  36  3:24  Pylon  
  38  3:37  Robotics Facility  
  38  3:39  Pylon  
  38  3:56  Probe  
  38  3:59  Stalker  
  38  4:00  Zealot, Stalker  
  45  4:24  Nexus  
  45  4:26  Observer (Chrono Boost)  
  45  4:38  Stalker  
  47  4:42  Pylon  
  47  4:50  Phoenix  
  47  4:52  Probe  
  50  5:06  Stalker  
  48  5:08  Stalker  
  46  5:17  Stalker  
  41  5:37  Immortal (Chrono Boost)  
  41  5:42  Stalker  
  41  5:51  Stalker  
  43  5:57  Shield Battery  
  43  6:10  Immortal (Chrono Boost)  
  47  6:17  Pylon  
  47  6:32  Oracle  
  45  6:41  Stalker  
  44  6:47  Probe  
  44  6:59  Warp Prism (Chrono Boost)  
  46  7:01  Probe  
  47  7:14  Twilight Council  
  47  7:19  Probe  
  45  7:44  Immortal (Chrono Boost)  
  39  8:06  Stalker x2  
  37  8:23  Observer (Chrono Boost)  
  37  8:24  Dark Shrine  
  36  8:30  Stalker  
  36  8:33  Gateway  
  38  8:41  Stalker  
  40  8:54  Warp Prism (Chrono Boost)  
  42  9:02  Stalker  
  44  9:15  Blink (Chrono Boost)  
  44  9:53  Dark Templar  
  44  9:58  Observer  
  44  9:59  Gateway  
  46  10:04  Dark Templar  
  48  10:24  Observer  
  48  10:34  Stalker  
  50  10:36  Stalker  
  47  10:58  Stalker x2  
  51  11:08  Stalker  
  50  11:23  Stalker  
  50  11:48  Stalker  
  50  11:49  Stalker  
Show
View Real Time Build Order
Export as new Build Order

Has Protoss - Winner!

Build Orders:  

Get SALT Encoding   

  12  0:00  Probe  
  13  0:12  Probe  
  14  0:18  Pylon  
  14  0:24  Probe (Chrono Boost)  
  15  0:36  Gateway, Probe (Chrono Boost)  
  15  0:42  Probe  
  16  0:45  Assimilator  
  17  0:54  Probe (Chrono Boost), Assimilator  
  18  1:07  Probe (Chrono Boost)  
  18  1:09  Gateway  
  19  1:13  Probe (Chrono Boost)  
  20  1:21  Probe  
  20  1:23  Cybernetics Core  
  21  1:33  Probe  
  21  1:34  Pylon  
  22  1:45  Probe  
  23  1:57  Probe  
  23  1:59  Robotics Facility  
  23  2:00  Stalker  
  26  2:06  Warp Gate (Chrono Boost)  
  26  2:10  Probe  
  27  2:15  Pylon  
  27  2:18  Stalker  
  29  2:25  Shield Battery  
  29  2:32  Stalker  
  31  2:48  Stalker  
  32  2:54  Observer (Chrono Boost)  
  32  2:57  Gateway  
  33  3:04  Shield Battery  
  27  3:05  Stalker  
  35  3:17  Warp Prism  
  37  3:31  Pylon  
  37  3:38  Probe  
  38  3:51  Twilight Council  
  38  3:56  Stalker  
  38  3:58  Probe  
  38  4:00  Pylon  
  39  4:17  Stalker x2  
  39  4:20  Stalker  
  45  4:26  Blink (Chrono Boost)  
  45  4:50  Stalker x2  
  49  4:53  Stalker  
  45  5:00  Probe  
  44  5:18  Zealot x2, Sentry  
  48  5:25  Probe  
  41  5:37  Probe  
  40  5:42  Stalker x2  
  40  5:49  Probe  
  43  6:00  Stalker  
  43  6:02  Probe  
  46  6:14  Probe  
  47  6:21  Adept x2  
  50  6:26  Probe  
  50  6:32  Pylon  
  51  6:38  Probe  
  52  6:50  Probe  
  49  7:02  Observer (Chrono Boost), Probe  
  49  7:06  Pylon  
  51  7:08  Stalker x2  
  51  7:10  Stalker  
  51  7:14  Probe  
  58  7:41  Stalker x2  
  63  7:57  Stalker  
  60  7:59  Probe  
  53  8:08  Stalker x2  
  58  8:15  Observer  
  55  8:28  Observer  
  55  8:31  Nexus  
  55  8:32  Pylon  
  55  8:51  Observer  
  55  8:53  Stalker x2  
  59  9:09  Stalker  
  61  9:22  Probe  
  62  9:27  Stalker  
  62  9:30  Observer (Chrono Boost)  
  63  9:40  Stalker  
  63  9:45  Probe  
  63  9:52  Observer  
  63  9:58  Pylon  
  63  10:05  Observer, Stalker  
  64  10:08  Stalker  
  64  10:13  Stalker  
  69  10:28  Observer  
  66  10:45  Probe x2  
  66  10:46  Stalker x2  
  64  10:56  Stalker  
  66  10:57  Probe  
  66  11:03  Probe  
  63  11:06  Shield Battery  
  60  11:14  Stalker  
  60  11:15  Probe  
  62  11:25  Zealot x2  
  65  11:28  Probe x2  
  67  11:39  Stalker  
  69  11:54  Stalker x2  
  69  11:56  Probe  
  74  12:03  Stalker  
Tags
 
Add a new tag
Caveats
  • Supply blocks, unpowered buildings, or Contaminate may cause inaccurate times.
  • Supply counts are checked every 10 seconds.